AoeStats
← 瓦兰吉程咬金三板斧

African Clearing

510910716Analyzed
4v4 RM · 15h ago on Oct 3, 2026· 33m 25s· 8 players
Game mode
Random Map
Map size
Large (8 player)
Population
200
Speed
Normal
Resources
Standard
Victory
Conquest
Starting age
Dark Age
Ending age
Imperial Age
RankedLock teamsTeams togetherTeam positionsShared explorationLock speedFull tech treeHidden civsTurbo modeCheats
Victory
Defeat
🇬🇪 Magyars · Georgia
1573
+21
🇲🇽 Berbers · Mexico
1482
+24
🇦🇷 Huns · Argentina
1478
+24
1426
+25
🇲🇽 Saxons · Mexico
1690
-24
🇲🇽 Spanish · Mexico
1683
-24
🇲🇽 Vietnamese · Mexico
1677
-24
🇲🇽 Franks · Mexico
1633
-22
JR | cristopher7gc
11:57 Feudal Age
12:29 Double-Bit Axe
12:44 Loom
14:19 Fletching
22:54 Castle Age
21:34 Horse Collar
23:04 Crossbowman
23:43 Bodkin Arrow
瓦兰吉程咬金三板斧
9:42 Loom
11:49 Feudal Age
14:01 Double-Bit Axe
13:42 Man-at-Arms
14:36 Arson
17:41 Fletching
20:50 Town Watch
26:37 Castle Age
25:34 Scale Barding Armor
26:16 Bloodlines
26:19 Horse Collar
26:42 Light Cavalry
28:19 Bow Saw
28:49 Forging
[TMG] purple
6:33 Loom
12:46 Feudal Age
14:07 Double-Bit Axe
19:07 Bloodlines
19:25 Horse Collar
22:25 Scale Barding Armor
23:49 Wheelbarrow
28:15 Castle Age
28:13 Fletching
29:16 Bodkin Arrow
30:09 Town Watch
30:47 Bow Saw
Marthyn
7:44 Loom
10:14 Feudal Age
9:26 Loom
11:13 Double-Bit Axe
15:01 Forging
15:43 Horse Collar
19:41 Wheelbarrow
22:26 Castle Age
21:24 Bloodlines
22:02 Gold Mining
23:37 Bow Saw
23:30 Husbandry
23:21 Fletching
24:32 Bodkin Arrow
29:26 Ballistics
31:18 Padded Archer Armor
32:07 Town Watch
34:29 Gold Shaft Mining
VL Droga0
4:19 Loom
12:16 Feudal Age
27:30 Castle Age
25:24 Double-Bit Axe
25:40 Fletching
28:18 Bodkin Arrow
28:53 Guard Tower
30:47 Ballistics
VL Crosnay
5:05 Loom
14:03 Feudal Age
15:39 Double-Bit Axe
18:01 Castle Age
18:03 Wheelbarrow
18:32 Padded Archer Armor
19:07 Bow Saw
31:27 Fletching
DGHIR | Qeetsa
11:05 Loom
13:38 Feudal Age
18:02 Castle Age
16:03 Double-Bit Axe
17:24 Scale Mail Armor
19:09 Bow Saw
19:28 Squires
20:25 Chain Mail Armor
23:01 Forging
25:10 Town Watch
25:10 Horse Collar
31:26 Heavy Plow
32:55 Fletching
Ux'Nova
9:31 Loom
11:48 Feudal Age
11:55 Man-at-Arms
21:19 Fletching
22:12 Double-Bit Axe
26:10 Horse Collar
30:40 Castle Age
Connection lost

Rejoining the realm…

Still unreachable

The connection could not be restored.

Session expired

The server has moved on; the page needs a fresh start.